 Dungeon Crawl Stone Soup version 0.31.0-32-g396128a36d (webtiles) character file.

Game seed: 3814377029087829336

377 Silvore the Cudgeller (level 6, -3/55 HPs)
             Began as a Minotaur Fighter on Mar 22, 2024.
             Slain by an orc
             ... wielding a +0 flail
              (4 damage)
             ... on level 4 of the Dungeon.
             The game lasted 00:03:22 (2624 turns).

Silvore the Cudgeller (Minotaur Fighter)            Turns: 2624, Time: 00:03:23

Health: -3/55      AC:  9    Str: 22    XL:     6   Next: 45%
Magic:  5/5        EV:  8    Int:  5    God:
Gold:   157        SH:  4    Dex: 10    Spells: 5/5 levels left

rFire   . . .        m - +0 mace
rCold   . . .        c - +0 buckler
rNeg    . . .        i - +0 chain mail
rPois   .            (helmet restricted)
rElec   .            (no cloak)
rCorr   .            (no gloves)
SInv    .            (no boots)
Will    .....        (no amulet) Stlth
                     (no ring)
HPRegen 0.29/turn    (no ring)
MPRegen 0.09/turn

%: no passive effects
@: no status effects
A: horns 2, retaliatory headbutt
a: no special abilities


You were on level 4 of the Dungeon.
You visited 1 branch of the dungeon, and saw 4 of its levels.

You collected 157 gold pieces.

Inventory:

Hand Weapons
 a - a +0 flail
 m - a +0 mace (weapon)
Armour
 b - a +0 scale mail
 c - a +0 buckler (worn)
 i - a +0 chain mail (worn)
Scrolls
 g - 2 scrolls of teleportation
Potions
 d - 3 potions of might
 f - a potion of enlightenment
 h - 4 potions of curing
 j - a potion of brilliance {unknown}
 k - a potion of attraction {unknown}
 l - a potion of magic {unknown}
 n - a potion of resistance {unknown}
 o - a potion of heal wounds {unknown}
 p - a potion of cancellation {unknown}


   Skills:
 + Level 4.9 Fighting
 + Level 5.4 Maces & Flails
 + Level 5.0 Armour
 + Level 1.5 Dodging
 + Level 0.5 Stealth
 + Level 4.8 Shields


You had 5 spell levels left.
You didn't know any spells.
Your spell library contained the following spells:

 Spells                   Type           Power      Damage    Failure   Level
 Sandblast                Erth           0%         2d4       98%         1
 Passwall                 Erth           0%         N/A       100%        3
 Stone Arrow              Conj/Erth      0%         3d7       100%        3
 Brom's Barrelling Bould  Conj/Erth      0%         2d3       100%        4


Dungeon Overview and Level Annotations

Branches:
Dungeon (4/15)
 Temple: D:4-7

Altars:
Fedhas
Hepliaklqana
Nemelex Xobeh
Ru
Zin


Innate Abilities, Weirdness & Mutations

You have a pair of horns on your head.
You reflexively headbutt those who attack you in melee.


Message History

Your Armour skill increases to level 5!
The orc shouts!
You hit the orc but do no damage. Your headbutt misses the orc.
You feel sick. You block the orc's attack.
The hobgoblin hits you but does no damage.
The orc hits you with a +0 club.
You sock the orc!
You kill the orc!
You feel sick.
The orc hits you from afar with a +0 trident.
The hobgoblin hits you but does no damage.
The orc priest calls down the wrath of Beogh upon you.
Beogh smites you!
* * * LOW HITPOINT WARNING * * *
The orc hits you from afar with a +0 trident!
* * * LOW HITPOINT WARNING * * *
The hobgoblin barely misses you.
You feel sick.
Things that are here:
a +0 dagger; 7 poisoned darts; a kobold corpse You sock the orc priest!
Your headbutt misses the orc priest.
The orc priest is heavily wounded.
You feel sick. The orc barely misses you.
The hobgoblin hits you but does no damage.
The orc priest barely misses you.
You hit the orc priest. Your headbutt misses the orc priest.
The orc priest is severely wounded.
You feel sick. The orc barely misses you. You furiously retaliate!
You headbutt the orc.
You kill the orc!
The hobgoblin hits you.
* * * LOW HITPOINT WARNING * * *
The orc hits you but does no damage. You block the orc priest's attack.
You closely miss the orc priest. You headbutt the orc priest.
You kill the orc priest!
* * * LOW HITPOINT WARNING * * *
You feel sick.
You are no longer poisoned.
You block the hobgoblin's attack. The orc hits you with a +0 flail.
You die...

#.. ..........
..............
#..............
#..#...........
####...#..........
..#...............
.....#............
...........#......
........g@).#....#
.........)o†.#
..........##..#
?......<.## $.#
.........# #.#
..........# .#
...........# o
..........##
.....######


You could see an orc and a hobgoblin.

Vanquished Creatures
  An ice beast (D:3)
  2 jellies (D:3)
  4 orc priests
  2 adders
  2 dart slugs
  2 ribbon worms (D:2)
  17 orcs
  7 bats
  9 endoplasms
  2 giant cockroaches
  7 goblins
  4 hobgoblins
  3 jackals (D:1)
  15 kobolds
  2 quokkas
  7 ball pythons
  3 frilled lizards
  3 rats (D:3)
92 creatures vanquished.

Notes
Turn   | Place    | Note
-------+----------+-------------------------------------------
     0 | D:1      | Silvore the Minotaur Fighter began the quest for the Orb.
     0 | D:1      | Reached XP level 1. HP: 19/19 MP: 0/0
    89 | D:1      | Reached XP level 2. HP: 19/27 MP: 1/1
   831 | D:1      | Found a faded altar of an unknown god.
   913 | D:2      | Reached XP level 3. HP: 18/33 MP: 2/2
  1629 | D:3      | Reached XP level 4. HP: 40/40 MP: 3/3
  1822 | D:3      | Reached XP level 5. HP: 36/47 MP: 4/4
  2029 | D:3      | Found a sparkling altar of Nemelex Xobeh.
  2029 | D:3      | Found a glowing silver altar of Zin.
  2029 | D:3      | Found a blossoming altar of Fedhas.
  2029 | D:3      | Found a sparkling altar of Nemelex Xobeh.
  2029 | D:3      | Found a hazy altar of Hepliaklqana.
  2029 | D:3      | Found a sacrificial altar of Ru.
  2164 | D:3      | Reached skill level 1 in Dodging
  2230 | D:3      | Noticed an ice beast
  2241 | D:3      | Killed an ice beast
  2242 | D:3      | Reached skill level 5 in Maces & Flails
  2242 | D:3      | Reached XP level 6. HP: 55/55 MP: 5/5
  2619 | D:4      | Reached skill level 5 in Armour
  2623 | D:4      | HP: 2/55 [hobgoblin (4)]
  2624 | D:4      | Slain by an orc

Illustrated notes

Levels and vault maps discovered:
D:1:      tarquinn_simple_flora_water_e, layout_loops_ring,
          shapermc_ecumenical_altar_mp_vishouse
D:2:      layout_basic
D:3:      cheibrodos_fertilizer, layout_basic
D:4:      layout_cave_pods, gammafunk_temple_overflow_claw, grunt_tough_drop,
          uniq_ijyb

Skill      XL: |  1  2  3  4  5  6 |
---------------+-------------------+-----
Shields        | 4 |  4.8
Fighting       | 4 |  4.9
Armour         | 4 5 |  5.0
Maces & Flails | 3 4 5 |  5.4
Dodging        | 1 |  1.5
Stealth        | |  0.5

Action                     |  1- 3 |  4- 6 || total
---------------------------+-------+-------++-------
  Melee: Flail             |    97 |     6 ||   103
         Headbutt          |    11 |    19 ||    30
         Mace              |       |    96 ||    96
    Use: Scroll            |       |     5 ||     5
 Armour: Scale mail        |    80 |    67 ||   147
         Chain mail        |       |    29 ||    29
  Dodge: Dodged            |    62 |    58 ||   120
  Block: Buckler           |    29 |    34 ||    63
